 Dungeon Crawl Stone Soup version 0.22.1-1-ga44c0e56f4 (webtiles) character file.

28 Inquisition the Sneak (level 3, -1/28 HPs)
             Began as a Naga Enchanter on Sept 30, 2018.
             Slain by a goblin
             ... wielding a +1 dagger of freezing
             ... led by Robin
              (4 damage)
             ... on level 2 of the Dungeon.
             The game lasted 00:23:22 (1910 turns).

Inquisition the Sneak (Naga Enchanter)              Turns: 1910, Time: 00:23:22

Health: -1/28      AC:  2    Str: 11    XL:     3   Next: 14%
Magic:  4/6        EV: 10    Int: 15    God:
Gold:   119        SH:  0    Dex: 11    Spells: 3/6 levels left

rFire    + . .     SeeInvis +   a - +1 dagger
rCold    + . .     Gourm    .   (no shield)
rNeg     . . .     Faith    .   o - +0 robe {rC+ rF+}
rPois    +         Spirit   .   (no helmet)
rElec    .         Reflect  .   (no cloak)
rCorr    .         Harm     +   (no gloves)
MR       .....                  (no barding)
Stlth    +++.......             q - amulet of harm
HPRegen  0.09/turn              (no ring)
MPRegen  0.10/turn              (no ring)

@: very slightly contaminated, very slow
A: large, see invisible, deformed body, poison resistance, slowness 2, slow
metabolism 1, spit poison 1, AC +1
a: Spit Poison


You were on level 2 of the Dungeon.
You were hungry.

You visited 1 branch of the dungeon, and saw 2 of its levels.

You collected 119 gold pieces.

Inventory:

Hand Weapons
 a - a +1 dagger (weapon)
 f - a cursed -3 club
 p - a +0 dagger
 u - a +0 dagger
 w - a cursed +0 dagger
 y - a +1 dagger of speed
Missiles
 e - 95 stones (quivered)
 l - 17 arrows
 s - 8 needles of frenzy
 t - 16 bolts
Armour
 b - a +0 robe
 h - a +0 chain mail
 n - a +0 chain mail
 o - a +0 robe of resistance (worn)
 v - a +0 cloak
 A - a +0 robe
Jewellery
 q - an amulet of harm (around neck)
Scrolls
 c - 3 scrolls of teleportation {unknown}
 i - a scroll of enchant weapon {unknown}
 j - 2 scrolls of identify {unknown}
 k - a scroll of blinking {unknown}
 m - a scroll of magic mapping {unknown}
Potions
 g - a potion of brilliance {unknown}
 r - a potion of cancellation {unknown}
 x - 2 potions of heal wounds {unknown}
Comestibles
 d - 2 rations
 z - a chunk of flesh


   Skills:
 + Level 0.2 Fighting
 + Level 1.1 Short Blades
 + Level 0.1 Throwing
 + Level 1.7 Dodging
 + Level 5.3 Stealth
 + Level 2.0 Spellcasting
 + Level 3.3 Hexes
 + Level 0.3 Ice Magic


You had 3 spell levels left.
You knew the following spells:

 Your Spells              Type           Power        Failure   Level  Hunger
a - Corona                Hex            ##.....      5%          1    #......
b - Ensorcelled Hibernat  Hex/Ice        #.....       16%         2    ###....

Your spell library contained the following spells:

 Spells                   Type           Power        Failure   Level  Hunger
 Confuse                  Hex            ##......     17%         3    ###....
 Tukima's Dance           Hex            ##......     17%         3    ###....
 Dazzling Spray           Conj/Hex       #.....       32%         3    ###....


Dungeon Overview and Level Annotations

Branches:
Dungeon (2/15)

Altars:
Uskayaw

Annotations:
D:2 1 runed door, Robin


Innate Abilities, Weirdness & Mutations

You cannot wear boots.
Your serpentine skin is tough. (AC +1)
You have supernaturally acute eyesight. (SInv)
Armour fits poorly on your strangely shaped body.
Your system is resistant to poisons. (rPois)
You cover ground very slowly.
You have a slow metabolism.
You can spit poison.


Message History

The goblin freezes you. The kobold barely misses you.
The kobold barely misses you.
The goblin hits you with a dagger of freezing.
The goblin freezes you.
Casting: Corona (safe; 5% risk of failure)
Confirm with . or Enter, or press ? or * to list all spells.
Aiming: Ensorcelled Hibernation (safe; 16% risk of failure)
Press: ? - help, Shift-Dir - straight line, f - goblin
Aim: a goblin, wielding a dagger of freezing (unusually strong, chance to You miscast Ensorcelled Hibernation.
You are very lightly contaminated with residual magic.
You feel off-balance for a moment.
You are feeling hungry.
The goblin hits you with a dagger of freezing.
The kobold hits you with a dagger. Robin throws the goblin at you!
The goblin hits you with a vampiric dagger!
* * * LOW HITPOINT WARNING * * *
The goblin hits you with a dagger of freezing.
You die...

###############################
.............................>#
################.############.#
# ####### #.# ####.# # #.....#
#.# #....# # #.....# #.# #.####
# #.....# #.#########.# #
#.....# #g..........#
#######.....# ##@.##########
......+.....# #Kg.#
.######.....# #.g##
.....######.###..#
.....######..##.g#
.....#.......##..#
....##.####..##..#
######.##....##..#######
#.##.#..........<.#


You could see Robin, 3 goblins and a kobold.

Vanquished Creatures
  2 dart slugs (D:2)
  A leopard gecko (D:1)
  2 giant cockroaches
  2 kobolds (D:2)
  A quokka (D:2)
  3 bats (D:2)
  2 frilled lizards (D:1)
  5 goblins
  6 rats
24 creatures vanquished.

Notes
Turn   | Place    | Note
-------+----------+-------------------------------------------
     0 | D:1      | Inquisition the Naga Enchanter began the quest for the Orb.
     0 | D:1      | Reached XP level 1. HP: 15/15 MP: 3/3
   361 | D:1      | Reached XP level 2. HP: 21/22 MP: 5/5
   458 | D:1      | Learned a level 2 spell: Ensorcelled Hibernation
   756 | D:2      | Found a hide-covered altar of Uskayaw.
   756 | D:2      | Noticed a dagger
   756 | D:2      | Noticed a hand axe
   852 | D:2      | Reached skill level 5 in Stealth
  1166 | D:2      | Found a runed door.
  1395 | D:2      | Reached XP level 3. HP: 16/28 MP: 6/6
  1895 | D:2      | Noticed Robin
  1910 | D:2      | Slain by a goblin

Skill      XL: |  1  2 |
---------------+-------+-----
Stealth        | 5 |  5.3
Fighting       | |  0.2
Short Blades   | |  1.1
Throwing       | |  0.1
Dodging        | |  1.7
Spellcasting   | |  2.0
Hexes          | |  3.3
Ice Magic      | |  0.3

Action                   || total
-------------------------++-------
Melee: Dagger            ||    70
Throw: Stone             ||    28
 Cast: Corona            ||    15
       Ensorcelled Hiber ||     2
 Stab: Sleeping          ||     3
  Eat: Chunk             ||     2
Armor: Chain mail        ||     6
       Robe              ||     6
Dodge: Dodged            ||    35
